 Dungeon Crawl Stone Soup version 0.29.1-2-gbd0b4ee654 (webtiles) character file.

Game seed: 12874521174867062006

113 Icepheonix32 the Changer (level 4, -1/28 HPs)
             Began as an Octopode Transmuter on Nov 18, 2022.
             Slain by an orc wizard
             ... wielding a +0 dagger
              (2 damage)
             ... on level 3 of the Dungeon.
             The game lasted 00:03:44 (2459 turns).

Icepheonix32 the Changer (Octopode Transmuter)      Turns: 2459, Time: 00:03:45

Health: -1/28      AC:  1    Str:  9    XL:     4   Next: 96%
Magic:  7/7        EV: 14    Int: 15    God:
Gold:   131        SH:  0    Dex: 14    Spells: 1/7 levels left

rFire   . . .      SeeInvis .   x - +1 long sword
rCold   . . .      Faith    .   (no shield)
rNeg    . . .      Spirit   .   (helmet restricted)
rPois   .          Reflect  .   e - amulet of magic regeneration
rElec   .          Harm     .   g - ring of wizardry
rCorr   +          Rampage  .   b - ring of resist corrosion
Will    .....                   t - ring of wizardry
Stlth   ++........              (no ring)
HPRegen 0.09/turn               (no ring)
MPRegen 0.50/turn               (no ring)
                                (no ring)
                                (no ring)

@: confused, studying Long Blades
A: almost no armour, amphibious, 8 rings, camouflage 1, gelatinous body 1,
(nimble swimmer 1), tentacles
a: no special abilities


You were on level 3 of the Dungeon.
You visited 1 branch of the dungeon, and saw 3 of its levels.

You collected 131 gold pieces.

Inventory:

Hand Weapons
 c - a +2 dagger of venom
 x - a +1 long sword (weapon)
Magical Staves
 h - a staff of conjuration
Jewellery
 b - a ring of resist corrosion (right tentacle)
 e - an amulet of magic regeneration (around mantle)
 g - a ring of wizardry (left tentacle)
 t - a ring of wizardry (on tentacle)
Scrolls
 j - a scroll of identify
 k - a scroll of butterflies
 o - a scroll of immolation
Potions
 a - a potion of lignification
 d - a potion of curing
 n - a potion of flight
 p - 2 potions of brilliance {unknown}
 r - a potion of heal wounds {unknown}
 u - a potion of haste {unknown}
 v - a potion of mutation {unknown}
 w - 2 potions of cancellation {unknown}


   Skills:
 - Level 1.0 Fighting
 + Level 0.3 Long Blades
 + Level 3.5 Dodging
 - Level 3.0 Unarmed Combat
 * Level 2.0 Spellcasting
 + Level 3.9 Transmutations
 * Level 0.2 Poison Magic


You had one spell level left.
You knew the following spells:

 Your Spells              Type           Power      Damage    Failure   Level
a - Beastly Appendage     Tmut           26%        N/A       1%          1
b - Spider Form           Tmut/Pois      7%         N/A       8%          3
c - Wereblood             Tmut           13%        N/A       1%          2

Your spell library contained the following spells:

 Spells                   Type           Power      Damage    Failure   Level
 Passwall                 Tmut/Erth      5%         N/A       4%          2
 Ensorcelled Hibernation  Hex/Ice        2%         N/A       9%          2
 Swiftness                Air            1%         N/A       17%         3
 Ice Form                 Ice/Tmut       7%         N/A       24%         4


Dungeon Overview and Level Annotations

Branches:
Dungeon (3/15)

Altars:


Innate Abilities, Weirdness & Mutations

You cannot wear most types of armour.
You are amphibious.
You can wear up to eight rings at the same time.
Your skin changes colour to match your surroundings (Stealth+).
Your rubbery body absorbs attacks. (AC +1, EV +1)
((You are camouflaged when in or above water. (Stealth+)))
You have tentacles for arms and can constrict up to eight enemies at once.


Message History

The orc hits you but does no damage. Something hits you but does no damage.
You hear some strange, mumbled words.
A magic dart appears from out of thin air!
The magic dart hits you but does no damage.
Something hits you but does no damage. The orc barely misses you.
The orc hits you but does no damage.
The orc throws a boomerang.
The boomerang hits you.
You closely miss the orc. The orc hits you but does no damage.
Something hits you.
The orc throws a boomerang.
The boomerang hits you. The orc hits you but does no damage.
You hear some strange, mumbled words.
You are confused.
Unknown command.
You closely miss something. The orc hits you but does no damage.
Something hits you but does no damage. The orc hits you but does no damage.
Something hits you but does no damage.
You nearly hit yourself!
You hear the slow rusting of a drain very nearby.
The orc hits you with a +0 club.
Something hits you but does no damage. x2
The orc hits you with a +0 dagger. Something hits you but does no damage.
You attack the rock wall.
You feel your willpower return. The orc hits you but does no damage.
Something hits you but does no damage. x2
The orc hits you but does no damage.
You hear some strange, mumbled words.
You are more confused.
The orc hits you but does no damage. Something hits you but does no damage.
The orc hits you but does no damage.
You hear some strange, mumbled words.
A magic dart appears from out of thin air!
The magic dart hits you!
Unknown command.
It was a potion of flight.
Your roots keep you in place.
You feel less wooden. Something hits you.
* * * LOW HITPOINT WARNING * * *
The orc closely misses you. The orc hits you with a +0 dagger.
* * * LOW HITPOINT WARNING * * *
Something hits you.
You die...

######.#####
#..........#
#..........#
#..........#
#..........#
#...S.o....#
#...oooo...#
#...r{@{o..#
###.########


You could see an adder (summoned), 6 orcs and a quokka.

Vanquished Creatures
  Terence (D:2)
  Jessica (D:2)
  A gnoll (D:1)
  An adder (D:2)
  2 worms (D:2)
  3 orcs
  A bat (D:2)
  3 endoplasms
  2 giant cockroaches (D:2)
  4 goblins
  3 kobolds
  4 quokkas
  4 ball pythons
  2 rats
32 creatures vanquished.

Notes
Turn   | Place    | Note
-------+----------+-------------------------------------------
     0 | D:1      | Icepheonix32 the Octopode Transmuter began the quest for
                  | the Orb.
     0 | D:1      | Reached XP level 1. HP: 13/13 MP: 3/3
   388 | D:1      | Reached XP level 2. HP: 11/18 MP: 3/5
   390 | D:1      | Found a faded altar of an unknown god.
   832 | D:1      | Reached XP level 3. HP: 23/23 MP: 6/6
  1321 | D:2      | Noticed Jessica
  1328 | D:2      | Killed Jessica
  1329 | D:2      | Reached XP level 4. HP: 26/28 MP: 7/7
  1513 | D:2      | Noticed Terence
  1524 | D:2      | Killed Terence
  2240 | D:2      | Learned a level 3 spell: Spider Form
  2243 | D:2      | Learned a level 2 spell: Wereblood
  2459 | D:3      | HP: 1/28 [orc/+0 dagger (5)]
  2459 | D:3      | Slain by an orc wizard

Illustrated notes

Levels and vault maps discovered:
D:1:      sevenhm_arrival_forest_fort_large_2, layout_basic,
          hellmonk_ecumenical_altar_lost_god, st_stairs_4, corner_web_ring
D:2:      layout_basic, uniq_terence, uniq_jessica
D:3:      layout_rooms, gup_sewer_entry_glass, serial_shops, shop,
          kennysheep_generic_room_5

Skill      XL: |  1  2  3 |
---------------+----------+-----
Transmutations | 3 |  3.9
Dodging        | 3 |  3.5
Fighting       | |  1.0
Long Blades    | |  0.3
Unarmed Combat | |  3.0
Spellcasting   | |  2.0
Poison Magic   | |  0.2

Action                   |  1- 3 |  4- 6 || total
-------------------------+-------+-------++-------
Melee: Unarmed           |    40 |    31 ||    71
       Tentacles         |     8 |     5 ||    13
       Kick              |    10 |     3 ||    13
       Constrict         |     9 |     7 ||    16
       Punch             |     1 |     1 ||     2
       Long sword        |       |    17 ||    17
 Cast: Beastly Appendage |     9 |     8 ||    17
       Wereblood         |       |     1 ||     1
  Use: Scroll            |     1 |     8 ||     9
       Potion            |       |     5 ||     5
 Stab: Sleeping          |     3 |     2 ||     5
Armor: Skin              |     1 |   101 ||   102
Dodge: Dodged            |    16 |    25 ||    41
